 Dungeon Crawl Stone Soup version 0.27-a0-380-g150de4c316 (webtiles) character file.

Game seed: 14441264083561750770

13 sahdkjhfkaj the Sneak (level 2, -3/17 HPs)
             Began as a Kobold Brigand on Feb 17, 2021.
             Killed from afar by an orc wizard (7 damage)
             ... with a magic dart
             ... on level 4 of the Dungeon.
             The game lasted 00:00:41 (184 turns).

sahdkjhfkaj the Sneak (Kobold Brigand)               Turns: 184, Time: 00:00:41

Health: -3/17      AC:  3    Str:  8    XL:     2   Next: 50%
Magic:  2/2        EV: 14    Int: 12    God:
Gold:   0          SH:  0    Dex: 16    Spells: 1/1 levels left

rFire    . . .     SeeInvis .   a - +2 dagger
rCold    . . .     Faith    .   (shield restricted)
rNeg     . . .     Spirit   .   b - +0 robe
rPois    .         Reflect  .   (no helmet)
rElec    .         Harm     .   c - +0 cloak
rCorr    .         Rampage  .   (no gloves)
Will     .....                  (no boots)
Stlth    ++++......             (no amulet)
HPRegen  0.05/turn              (no ring)
MPRegen  0.08/turn              (no ring)

@: no status effects
A: small, nightstalker 3
a: no special abilities


You were on level 4 of the Dungeon.
You visited 1 branch of the dungeon, and saw 4 of its levels.

Inventory:

Hand Weapons
 a - a +2 dagger (weapon)
Missiles
 d - 8 poisoned darts (quivered)
 e - a curare-tipped dart
Armour
 b - a +0 robe (worn)
 c - a +0 cloak (worn)


   Skills:
 - Level 2.1 Fighting
 - Level 2.6 Short Blades
 - Level 2.1 Throwing
 - Level 1.2 Dodging
 + Level 6.2 Stealth


You had one spell level left.
You didn't know any spells.
Your spell library was empty.

Dungeon Overview and Level Annotations

Branches:
Dungeon (4/15)
 Temple: D:4-7

Altars:


Innate Abilities, Weirdness & Mutations

You are small and have problems with some larger weapons.
You are completely attuned to the shadows.


Message History

You start resting.
HP restored.
Found 11 gold pieces.
A dart slug comes into view.
The helpless dart slug fails to defend itself.
You skewer the dart slug like a kebab!!!
You kill the dart slug!
Found a stone staircase leading down.
There is a stone staircase leading down here.
You climb downwards.
There is a stone staircase leading up here. 2 orcs come into view.
The orc shouts! x2
An orc wizard comes into view.
It is wielding a +0 dagger and wearing a +0 robe of willpower.
The orc moves out of view.
An orc comes into view. It is wielding a +0 flail.
The orc hits you.
You closely miss the orc.
The orc wizard casts a spell at itself.
The orc wizard flickers and vanishes!
Deactivating autopickup; reactivate with Ctrl-A.
The orc hits you.
The orc shouts!
You hit the orc.
The orc is severely wounded.
You closely miss something. You barely miss something.
You hear some strange, mumbled words.
A magic dart appears from out of thin air!
The magic dart hits you!
* * * LOW HITPOINT WARNING * * *
Throw: 2 darts (curare)
Press: ? - help, Shift-Dir - straight line, f - orc
Aim: an orc, wielding a +0 club (62% to hit)
You throw a curare-tipped dart.
The curare-tipped dart barely misses the orc.
You hear some strange, mumbled words.
A magic dart appears from out of thin air!
The magic dart hits you!
You die...

# ##### .(
##...####o..
##.###..@{oo.
##.##
##.##### #.##
##.# #.# #.#
#.## #.#
##.## .##
##.###.#
##<..# ##.##


You could see 3 orcs.

Vanquished Creatures
  A dart slug (D:3)
  A leopard gecko (D:2)
  An orc (D:3)
  A bat (D:2)
  A giant cockroach (D:2)
  A goblin (D:2)
  A quokka (D:2)
  A rat (D:2)
8 creatures vanquished.

Notes
Turn   | Place    | Note
-------+----------+-------------------------------------------
     0 | D:1      | sahdkjhfkaj the Kobold Brigand began the quest for the Orb.
     0 | D:1      | Reached XP level 1. HP: 12/12 MP: 1/1
    38 | D:2      | Reached XP level 2. HP: 17/17 MP: 2/2
    43 | D:2      | Reached skill level 6 in Stealth
   184 | D:4      | Killed from afar by an orc wizard

Illustrated notes

Levels and vault maps discovered:
D:1:      dpeg_arrival_connections, layout_basic, nicolae_ashenzari_panopticon
D:2:      layout_loops_corners, grunt_decor_arrowhead, minmay_strange_pillars,
          minmay_tall_x
D:3:      layout_basic
D:4:      layout_loops_cross, grunt_temple_overflow_order_and_chaos_2,
          temple_fountains, led_sif_book

Skill      XL: |  1  2 |
---------------+-------+-----
Stealth        | 6 |  6.2
Fighting       | |  2.1
Short Blades   | |  2.6
Throwing       | |  2.1
Dodging        | |  1.2

Action                   || total
-------------------------++-------
Melee: Dagger            ||    16
Throw: Dart              ||     1
 Stab: Sleeping          ||     6
Dodge: Dodged            ||     3

Table legend: (Time is in decaauts)
 A = Elapsed time spent in this place.
 B = Non-inter-level travel time spent in this place.
 C = Inter-level travel time spent in this place.
 D = Time resting spent in this place.
 E = Time spent auto-exploring this place.
 F = Levels seen in this place.
 G = Mean time per level.
                   A        B        C        D        E       F      G
               +--------+--------+--------+--------+--------+-----+--------+
         Total |    181 |    181 |      0 |     71 |      0 |   4 |   45.2 |
       Dungeon |    181 |    181 |      0 |     71 |      0 |   4 |   45.2 |
               +--------+--------+--------+--------+--------+-----+--------+

Top non-repeatable levels by time:
     D:3: 102 daAuts
     D:2: 58 daAuts
     D:4: 19 daAuts
     D:1: 2 daAuts
